Map: Deathaura LE

Players

Denver - Winner!

  • Race: Zerg Zerg
  • League: Grandmaster
  • Spawn Location: 5:00

Ziggy

  • Race: Terran Terran
  • Spawn Location: 11:00

Event: DreamHack SC2 Masters 2020 Winter

VOD

Have the link to the VOD?

Description

Time

  • Played on: Oct. 24, 2020, 1:10 p.m.
  • Length: 5:44

All games in this series

Show
View Real Time Build Order
Export as new Build Order

Denver Zerg - Winner!

Build Orders: Hatch First 

Get SALT Encoding   

  12  0:00  Drone  
  13  0:12  Overlord  
  13  0:17  Drone  
  14  0:31  Drone x2  
  16  0:48  Hatchery  
  15  0:51  Drone  
  15  0:54  Drone  
  17  0:59  Drone  
  18  1:10  Extractor  
  17  1:17  Spawning Pool  
  16  1:20  Drone  
  16  1:26  Drone  
  17  1:33  Drone  
  18  2:04  Queen  
  18  2:05  Queen, Zergling x4  
  24  2:13  Spine Crawler  
  23  2:17  Zergling x2  
  21  2:34  Zergling x2  
  21  2:40  Drone  
  22  2:44  Drone  
  23  2:55  Spine Crawler  
  22  2:58  Drone  
  22  3:03  Drone  
  24  3:08  Overlord  
  24  3:12  Zergling x2  
  25  3:16  Zergling x2  
  27  3:20  Zergling x2  
  27  3:32  Zergling x4  
  25  3:42  Zergling x4  
Show
View Real Time Build Order
Export as new Build Order

Ziggy Terran 

Build Orders:  

Get SALT Encoding   

  12  0:00  SCV  
  13  0:12  SCV  
  14  0:17  Supply Depot  
  14  0:24  SCV  
  15  0:39  Barracks  
  15  0:51  Barracks  
  15  1:08  SCV  
  15  1:10  Barracks  
  16  1:20  SCV  
  17  1:26  Marine  
  17  1:44  Marine, Orbital Command  
  18  1:56  Supply Depot  
  18  2:02  Marine  
  18  2:07  Marine  
  20  2:10  Bunker  
  20  2:13  SCV  
  21  2:20  Marine  
  22  2:23  Marine  
  22  2:25  Marine  
  23  2:34  SCV  
  23  2:37  Marine  
  23  2:41  Marine, Bunker  
  23  2:43  Marine  
  26  2:46  SCV  
  27  2:55  Marine  
  27  2:58  SCV  
  29  2:59  Marine  
  29  3:01  Marine  
  30  3:13  Marine  
  30  3:19  Marine  
  31  3:21  Marine  
  28  3:31  Marine  
  22  3:36  Marine  
  22  3:38  Marine  
  16  3:49  Marine  
  14  3:54  Marine  
  14  3:56  Marine  
  14  4:07  Marine  
  14  4:12  Marine  
  14  4:14  Marine  
Tags
 
Add a new tag
Caveats
  • Supply blocks, unpowered buildings, or Contaminate may cause inaccurate times.
  • Supply counts are checked every 10 seconds.